 Dungeon Crawl Stone Soup version 0.31-a0-743-g45f7035092 (webtiles) character file.

Game seed: 6092406050341583252

142 cforsyth the Trooper (level 5, -1/42 HPs)
             Began as a Djinni Chaos Knight on Sept 12, 2023.
             Was a Plaything of Xom.
             Slain by an ufetubus (4 damage)
             ... on level 7 of the Dungeon.
             The game lasted 00:04:56 (2902 turns).

cforsyth the Trooper (Djinni Chaos Knight)          Turns: 2902, Time: 00:04:57

Health: -1/42      AC:  8    Str: 11      XL:     5   Next: 50%
Gold:   140        EV: 11    Int: 15 (16) God:    Xom [......] SH:  0 Dex:  9 (12)

rFire   + + .        a - +0 falchion (chaos)
rCold   x . .        (no shield)
rNeg    + . .        b - +2 leather armour
rPois   ∞            (no helmet)
rElec   .            (no cloak)
rCorr   .            (no gloves)
SInv    .            (boots unavailable)
Will    .....        e - amulet of regeneration
Stlth   +            q - ring of positive energy
HPRegen 1.07/turn    (no ring)
MPRegen 0.00/turn

%: infuse magic (-2 HP)
@: flying
A: sickness immunity, fire resistance 2, cold vulnerability 1, float, innate
caster, HP casting, extra vitality 1, iridescent scales 1, shaggy fur 1
a: Renounce Religion


You were on level 7 of the Dungeon.
You worshipped Xom.
You were a very special plaything of Xom.
You visited 1 branch of the dungeon, and saw 5 of its levels.

You collected 140 gold pieces.

Inventory:

Hand Weapons
 a - a +0 falchion of chaos (weapon)
Armour
 b - a +2 leather armour (worn)
 j - a +0 kite shield
Jewellery
 e - an amulet of regeneration (around neck)
 q - a ring of positive energy (left hand)
Wands
 c - a wand of polymorph (14)
Scrolls
 f - 2 scrolls of poison {unknown}
 g - 4 scrolls of identify {unknown}
Potions
 d - 3 potions of mutation {unknown}
 h - 2 potions of ambrosia {unknown}
 i - a potion of heal wounds {unknown}
 k - a potion of brilliance {unknown}
 n - 2 potions of curing {unknown}
 o - a potion of enlightenment {unknown}


   Skills:
 + Level 4.4 Fighting
 - Level 2.6 Long Blades
 - Level 1.0 Armour
 - Level 2.1 Dodging
 + Level 1.4 Shields
 + Level 2.0 Spellcasting
 + Level 2.0 Conjurations
 + Level 2.0 Hexes
   Level 0.0 Charms
 + Level 2.0 Summonings
 + Level 2.0 Necromancy
 + Level 2.0 Translocations
 + Level 2.0 Transmutations
 + Level 2.0 Fire Magic
 + Level 2.0 Ice Magic
 + Level 2.0 Air Magic
 + Level 2.0 Earth Magic
 + Level 2.0 Poison Magic


You knew the following spells:

 Your Spells              Type           Power      Damage    Failure   Level
a - Necrotise             Necr           28%        1d5       12%         1
b - Wereblood             Tmut           7%         N/A       19%         2
Your spell library was empty.

Dungeon Overview and Level Annotations

Branches:
Dungeon (4/15)
 Temple: D:4-7

Altars:
Ashenzari
Zin
The Shining One


Innate Abilities, Weirdness & Mutations

You are immune to sickness and miasma.
You are immune to poison.
Your flesh is very heat resistant. (rF++)
You are vulnerable to cold. (rC-)
You float through the air rather than walking.
You learn spells naturally, not from books.
Your magical power is your life essence.
You have superior vitality. (+4 MHP)
You are partially covered in iridescent scales. (AC +2)
You are covered in fur. (AC +1)


Message History

The orc completely misses you.
A white imp comes into view.
The sky beast barely misses you. The orc hits you but does no damage.
The ice beast closely misses you.
The sky beast hits you but does no damage.
The sky beast hits you but does no damage.
The white imp gestures at you. The puff of frost hits you.
* * * LOW HITPOINT WARNING * * *
A troll comes into view.
The troll shouts! "Time to have some fun!"
The white imp shouts, "Turn tail, thou reeling-ripe beef-witted coxcomb!"
The sky beast flickers out of sight!
The ice beast attacks as it pursues you!
The ice beast hits you but does no damage.
You see here a wand of polymorph (14).
c - a wand of polymorph (14) "Hum-dee-hum-dee-hum..."
The white imp evaporates and reforms as an ufetubus!
Something barely misses you. The orc barely misses you.
The shadow imp grinds its teeth.
The ice beast hits you but does no damage.
The ufetubus hits you but does no damage.
The ufetubus barely misses you.
The shadow imp hits you but does no damage.
The ufetubus hits you but does no damage.
The ufetubus misses you. Something hits you but does no damage.
The ufetubus hits you but does no damage.
The ufetubus closely misses you.
The shadow imp attacks as it pursues you!
The shadow imp barely misses you. The troll closely misses you.
The troll claws you.
* * * LOW HITPOINT WARNING * * *
The troll claws you!
* * * LOW HITPOINT WARNING * * *
The ufetubus hits you but does no damage.
The ufetubus hits you.
You die...
Xom howls with laughter!

#...$......#
#..........#
#..........#
##...[....##
##...o.o..##
#.....o.Yo.#
#..........###
#$....5..5...#
#.......T@.#..#
#..........##.#
##...........
##......####..
.. ######## #..
#. . # #


You could see a troll, an orc warrior, an ice beast, a shadow imp (summoned), 3
orcs and an ufetubus.

Vanquished Creatures
  Jessica (D:3)
  3 gnolls
  An adder (D:2)
  A shadow imp (D:7)
  2 worms (D:2)
  2 dart slugs (D:2)
  An orc (D:3)
  3 bats
  3 endoplasms
  2 giant cockroaches
  7 hobgoblins
  4 jackals (D:3)
  2 quokkas
  3 ball pythons
  4 frilled lizards
  7 goblins
  7 kobolds
  5 rats
58 creatures vanquished.

Vanquished Creatures (collateral kills)
  A goblin (D:1)
1 creature vanquished.

Grand Total: 59 creatures vanquished

Notes
Turn   | Place    | Note
-------+----------+-------------------------------------------
     0 | D:1      | cforsyth the Djinni Chaos Knight began the quest for the
                  | Orb.
     0 | D:1      | Reached XP level 1. HP: 20/20 MP: 0/0
    27 | D:1      | XOM: silly message
    56 | D:1      | Reached XP level 2. HP: 25/25 MP: 0/0
   141 | D:1      | Reached skill level 1 in Spellcasting
   141 | D:1      | Reached skill level 1 in Conjurations
   141 | D:1      | Reached skill level 1 in Hexes
   141 | D:1      | Reached skill level 1 in Summonings
   141 | D:1      | Reached skill level 1 in Necromancy
   141 | D:1      | Reached skill level 1 in Translocations
   141 | D:1      | Reached skill level 1 in Transmutations
   141 | D:1      | Reached skill level 1 in Fire Magic
   141 | D:1      | Reached skill level 1 in Ice Magic
   141 | D:1      | Reached skill level 1 in Air Magic
   141 | D:1      | Reached skill level 1 in Earth Magic
   141 | D:1      | Reached skill level 1 in Poison Magic
   142 | D:1      | XOM: butterfly on damage
   244 | D:1      | Reached XP level 3. HP: 28/30 MP: 0/0
   244 | D:1      | Learned a level 1 spell: Necrotise
   854 | D:2      | XOM: enchant monster (good)
   882 | D:1      | Reached XP level 4. HP: 6/37 MP: 0/0
  1017 | D:2      | XOM: fake destruction
  1027 | D:1      | XOM: god gift: short sword {god gift}
  1274 | D:2      | Reached skill level 4 in Fighting
  1292 | D:2      | XOM: god gift: 12 gold pieces
  1293 | D:2      | XOM: divination: detect creatures
  1414 | D:2      | XOM: give mutations
  1414 | D:2      | Gained mutation: You are partially covered in iridescent
                  | scales. (AC +2) [Xom's grace]
  1414 | D:2      | Gained mutation: You are covered in fur. (AC +1) [Xom's
                  | grace]
  1471 | D:2      | XOM: divination: detect creatures
  1646 | D:2      | Found a faded altar of an unknown god.
  1981 | D:2      | XOM: stat loss: -1 Str (10/11)
  2035 | D:2      | XOM: god gift: 6 stones
  2227 | D:3      | Found a glowing silver altar of Zin.
  2237 | D:3      | Found a glowing golden altar of the Shining One.
  2239 | D:3      | Found a broken altar of Ashenzari.
  2241 | D:3      | Found a faded altar of an unknown god.
  2308 | D:3      | Reached XP level 5. HP: 41/41 MP: 0/0
  2308 | D:3      | Learned a level 2 spell: Wereblood
  2309 | D:3      | XOM: 3-stop teleportation journey
  2715 | D:3      | XOM: god gift: copper ring {god gift}
  2778 | D:3      | Noticed Jessica
  2780 | D:3      | XOM: confuse monster(s)
  2786 | D:3      | XOM: confuse monster(s)
  2790 | D:3      | Killed Jessica
  2791 | D:3      | Reached skill level 1 in Shields
  2820 | D:3      | XOM: summons 2 hostile demons
  2851 | D:4      | XOM: 9-stop teleportation journey
  2852 | D:4      | You are sucked into a shaft and drop 3 floors!
  2867 | D:7      | Noticed a hornet
  2873 | D:7      | XOM: noise
  2874 | D:7      | Identified a scroll of acquirement
  2874 | D:7      | Acquired 869 gold pieces
  2875 | D:7      | Noticed a kobold brigand
  2875 | D:7      | Noticed a black bear
  2877 | D:7      | Noticed a wyvern
  2877 | D:7      | XOM: 2-stop teleportation journey
  2883 | D:7      | XOM: stat loss: -1 Int (15/16)
  2890 | D:7      | Noticed an orc warrior
  2890 | D:7      | Noticed an ice beast
  2891 | D:7      | Noticed a sky beast
  2897 | D:7      | Noticed a troll
  2897 | D:7      | XOM: summons 1 hostile shadow creature
  2898 | D:7      | XOM: polymorph white imp -> ufetubus
  2901 | D:7      | HP: 2/42 [troll (8)]
  2902 | D:7      | Slain by an ufetubus

Illustrated notes

Levels and vault maps discovered:
D:1:      amcnicky_arrival_gap_in_the_tavern_cellar, layout_basic, st_stairs_13,
          minmay_split_cup_large
D:2:      layout_loops_corners, basic_ecumenical_altar
D:3:      layout_basic, chequers_temple_overflow_minitemple, uniq_jessica
D:4:      layout_layer_cave, minmay_misc_feat_four_crosses,
          minmay_misc_feat_tiny
D:7:      layout_rooms

Skill      XL: |  1  2  3  4  5 |
---------------+----------------+-----
Spellcasting   | 1 2 |  2.0
Conjurations   | 1 2 |  2.0
Hexes          | 1 2 |  2.0
Summonings     | 1 2 |  2.0
Necromancy     | 1 2 |  2.0
Translocations | 1 2 |  2.0
Transmutations | 1 2 |  2.0
Fire Magic     | 1 2 |  2.0
Ice Magic      | 1 2 |  2.0
Air Magic      | 1 2 |  2.0
Earth Magic    | 1 2 |  2.0
Poison Magic   | 1 2 |  2.0
Fighting       | 4 |  4.4
Shields        | 1 |  1.4
Long Blades    | |  2.6
Armour         | |  1.0
Dodging        | |  2.1

Action                     |  1- 3 |  4- 6 || total
---------------------------+-------+-------++-------
  Melee: Falchion          |    94 |   113 ||   207
         Punch             |     1 |     1 ||     2
   Cast: Necrotise         |       |     7 ||     7
    Use: Scroll            |       |     5 ||     5
   Stab: Petrified         |     2 |       ||     2
         Sleeping          |       |     2 ||     2
         Confused          |       |     1 ||     1
 Armour: Leather armour    |    72 |   101 ||   173
  Dodge: Dodged            |    58 |   113 ||   171

Table legend: (Time is in decaauts)
 A = Elapsed time spent in this place.
 B = Non-inter-level travel time spent in this place.
 C = Inter-level travel time spent in this place.
 D = Time resting spent in this place.
 E = Time spent auto-exploring this place.
 F = Levels seen in this place.
 G = Mean time per level.
                   A        B        C        D        E       F      G
               +--------+--------+--------+--------+--------+-----+--------+
         Total |   2939 |   2865 |     74 |    361 |   1903 |   5 |  587.8 |
       Dungeon |   2939 |   2865 |     74 |    361 |   1903 |   5 |  587.8 |
               +--------+--------+--------+--------+--------+-----+--------+

Top non-repeatable levels by time:
     D:1: 1245 daAuts
     D:2: 960 daAuts
     D:3: 671 daAuts
     D:7: 51 daAuts
     D:4: 11 daAuts
